 Dungeon Crawl Stone Soup version 0.25.0-26-g0c896c7088 (webtiles) character file.

Game seed: 4715972379410999901

71 mortelune the Chopper (level 4, 0/35 HPs)
             Began as a Demonspawn Chaos Knight on July 4, 2020.
             Was a Plaything of Xom.
             Succumbed to a kobold's poison
             ... on level 3 of the Dungeon.
             The game lasted 00:02:39 (2182 turns).

mortelune the Chopper (Demonspawn Chaos Knight)     Turns: 2182, Time: 00:02:40

Health: 0/35       AC:  7    Str: 13    XL:     4   Next: 5%
Magic:  4/4        EV: 11    Int: 14    God:    Xom [.*....]
Gold:   158        SH:  0    Dex: 12    Spells: 3/3 levels left

rFire    . . .     SeeInvis .   a - +0 hand axe (chaos)
rCold    + . .     Gourm    .   (no shield)
rNeg     . . .     Faith    .   b - +2 leather armour
rPois    .         Spirit   .   (helmet restricted)
rElec    .         Reflect  .   (no cloak)
rCorr    .         Harm     .   (no gloves)
MR       +....                  d - +1 pair of boots
Stlth    +.........             (no amulet)
HPRegen  0.11/turn              (no ring)
MPRegen  0.09/turn              (no ring)

@: lethally poisoned (0 -> -10)
A: antennae 2, talons 1, cold resistance 1, magic resistance 1, powered by pain
1
a: Renounce Religion


You were on level 3 of the Dungeon.
You worshipped Xom.
You were a plaything of Xom.
You were very hungry.

You visited 1 branch of the dungeon, and saw 3 of its levels.

You collected 158 gold pieces.

Inventory:

Hand Weapons
 a - a +0 hand axe of chaos (weapon)
Armour
 b - a +2 leather armour (worn)
 d - a +1 pair of boots (worn)
Comestibles
 c - 7 rations


   Skills:
 + Level 3.5 Fighting
 * Level 3.7 Axes
 + Level 2.4 Armour
 - Level 0.8 Dodging


You had 3 spell levels left.
You didn't know any spells.
Your spell library was empty.

Dungeon Overview and Level Annotations

Branches:
Dungeon (3/15)

Altars:
Dithmenos
Nemelex Xobeh
Xom


Innate Abilities, Weirdness & Mutations

You have a pair of antennae on your head.
You sometimes gain a little power by taking damage.
You have sharp toenails.
Your flesh is cold resistant. (rC+)
You are resistant to hostile enchantments. (MR+)


Message History

You barely miss the rat.
* * * LOW HITPOINT WARNING * * *
You feel sick. The rat barely misses you.
You hit the rat. You burn the rat.
You kill the rat!
* * * LOW HITPOINT WARNING * * *
You feel sick.
The kobold throws a stone.
The stone hits you but does no damage.
* * * LOW HITPOINT WARNING * * *
You feel sick. The kobold hits you but does no damage.
You see here a rat corpse.
You are feeling very hungry.
You hit the kobold. You burn the kobold.
You kill the kobold!
You hit the kobold.
You kill the kobold!
* * * LOW HITPOINT WARNING * * *
You feel sick.
You die...
Xom howls with laughter!

#........##.#
#........##.#
.........##..
.......<.##.#
.........##.#
.........##.# #
.......(.##.# ...#
.######†###.###
...# #)@.....#
....# #.(.....#
......
#...(...####......
#......(.(.......K
+...#+###.)####...
#...#(###†##
###..).†..#
+.......#
#...##..##


There were no monsters in sight!

Vanquished Creatures
  An adder (D:2)
  An ooze (D:2)
  2 worms (D:2)
  A dart slug (D:2)
  3 leopard geckos
  2 orcs
  A ball python (D:1)
  2 bats
  2 giant cockroaches
  5 goblins
  7 hobgoblins
  7 kobolds
  2 quokkas (D:2)
  4 rats
40 creatures vanquished.

Notes
Turn   | Place    | Note
-------+----------+-------------------------------------------
     0 | D:1      | mortelune the Demonspawn Chaos Knight began the quest for
                  | the Orb.
     0 | D:1      | Reached XP level 1. HP: 18/18 MP: 1/1
    38 | D:1      | XOM: silly message
    40 | D:1      | You fall into a shaft and drop 1 floor!
   208 | D:1      | XOM: silly message
   243 | D:1      | XOM: cloud trail
   277 | D:1      | Gained mutation: You have a pair of small antennae on your
                  | head. [demonic ancestry]
   277 | D:1      | Reached XP level 2. HP: 24/24 MP: 2/2
   713 | D:1      | XOM: give mutations
   713 | D:1      | Gained mutation: Your flesh is cold resistant. (rC+) [Xom's
                  | grace]
   713 | D:1      | Gained mutation: You have sharp toenails. [Xom's grace]
   713 | D:1      | Gained mutation: You are resistant to hostile enchantments.
                  | (MR+) [Xom's grace]
  1090 | D:2      | XOM: god gift: 42 gold pieces
  1264 | D:2      | Gained mutation: You have a pair of antennae on your head.
                  | [demonic ancestry]
  1264 | D:2      | Reached XP level 3. HP: 27/29 MP: 3/3
  1344 | D:2      | XOM: fog
  1744 | D:2      | Found a shadowy altar of Dithmenos.
  1885 | D:2      | XOM: god gift: 17 gold pieces
  1946 | D:2      | XOM: scenery: create altars
  1977 | D:2      | Found a sparkling altar of Nemelex Xobeh.
  2039 | D:3      | XOM: cleaving
  2163 | D:3      | Gained mutation: You sometimes gain a little power by
                  | taking damage. [demonic ancestry]
  2163 | D:3      | Reached XP level 4. HP: 23/35 MP: 4/4
  2181 | D:3      | HP: 1/35 [poisoned by a kobold]
  2182 | D:3      | Succumbed to a kobold's poison

Illustrated notes

Levels and vault maps discovered:
D:1:      dpeg_arrival_houses_and_road, layout_basic
D:2:      layout_basic, nicolae_dithmenos_shadow_blocks, serial_forest,
          infiniplex_forest_lined_3_way, infiniplex_forest_lined_3,
          infiniplex_forest_lined_room_3, infiniplex_forest_pool,
          infiniplex_forest_straight_4, infiniplex_forest_clump_small,
          infiniplex_forest_clump_small, infiniplex_forest_clump_long,
          first_ration, nemelex_dance_club_becter
D:3:      layout_basic, minmay_close_crescents

Skill      XL: |  1 |
---------------+----+-----
Axes           | 3 |  3.7
Armour         | 2 |  2.4
Fighting       | |  3.5
Dodging        | |  0.8

Action                   |  1- 3 |  4- 6 || total
-------------------------+-------+-------++-------
Melee: Hand axe          |   110 |     3 ||   113
  Use: Scroll            |     5 |       ||     5
 Stab: Confused          |     1 |       ||     1
       Paralysed         |     1 |       ||     1
       Sleeping          |     1 |       ||     1
  Eat: Chunk             |     3 |       ||     3
Armor: Leather armour    |    24 |     3 ||    27
Dodge: Dodged            |    55 |     6 ||    61
